 Dungeon Crawl Stone Soup version 0.17.0-1-g61d176b (webtiles) character file.

78 duckspeaker the Shield-Bearer (level 4, -1/42 HPs)
             Began as a Deep Dwarf Fighter on Nov 6, 2015.
             Slain by McCoppin's ghost (17 damage)
             ... on level 5 of the Dungeon on Nov 7, 2015.
             The game lasted 00:16:28 (1201 turns).

duckspeaker the Shield-Bearer (Deep Dwarf Fighter)  Turns: 1201, Time: 00:16:28

Health: -1/42      AC: 16    Str: 21    XL:     4   Next: 15%
Magic:  4/4        EV:  6    Int:  8    God:
Gold:   71         SH:  9    Dex: 10    Spells: 0 memorised, 3 levels left

rFire  + + .     SeeInvis .     a - +0 long sword
rCold  . . .     Clarity  .     D - +7 chain mail of the Albatross {rF++ rCorr Dex-2 Stlth+}
rNeg   . . .     SustAt   .     c - +0 shield
rPois  .         Gourm    .     (no helmet)
rElec  .         Spirit   .     (no cloak)
rCorr  +         Warding  .     (no gloves)
rMut   .         Stasis   .     (no boots)
MR     .....                    (no amulet)
Stlth  ..........               (no ring)
                                (no ring)

@: non-regenerating, not resistant to hostile enchantments, extremely unstealthy
A: damage resistance, recharge devices, sense surroundings 1, slow regeneration
3
a: Device Recharging


You were on level 5 of the Dungeon.
You were not hungry.

You visited 1 branch of the dungeon, and saw 5 of its levels.

You collected 71 gold pieces.

Inventory:

Hand Weapons
 a - a +0 long sword (weapon)
 g - a +0 hunting sling
 k - a +0 club
 m - a +0 club
 n - a +0 dagger
 q - a +0 hunting sling
 r - a +0 hand axe
 s - a +0 dagger
 v - a +0 club
 w - a +0 morningstar
Missiles
 h - 70 stones (quivered)
 l - 12 arrows
 t - 15 bolts
 u - 8 bolts of flame
 C - 10 poisoned needles
Armour
 b - a +0 scale mail
 c - a +0 shield (worn)
 D - the +7 chain mail of the Albatross (worn) {rF++ rCorr Dex-2 Stlth+}
   (You found it on level 4 of the Dungeon)

   It affects your dexterity (-2).
   It greatly protects you from fire.
   It protects you from acid and corrosion.
   It makes you more stealthy.
Wands
 e - a wand of heal wounds (4)
Scrolls
 o - 2 scrolls of teleportation {unknown}
 x - a scroll of remove curse {unknown}
 A - a scroll of recharging {unknown}
 B - 2 scrolls of identify {unknown}
Potions
 d - a potion of might
 j - 2 potions of curing {unknown}
 z - a potion of heal wounds {unknown}
Comestibles
 f - a bread ration
 p - a meat ration


   Skills:
 + Level 3.0 Fighting
 + Level 2.2 Long Blades
 + Level 0.3 Throwing
 + Level 3.5 Armour
 + Level 1.4 Dodging
 + Level 4.3 Shields
 + Level 0.3 Evocations


You had 3 spell levels left.
You didn't know any spells.

Dungeon Overview and Level Annotations

Branches:
Dungeon (5/15)
 Temple: D:4-7

Altars:

Annotations:
D:5 McCoppin's ghost, novice FoHu


Innate Abilities, Weirdness & Mutations

You are resistant to damage.
You can recharge devices by infusing magical energy.
You passively map a small area around you.
You do not regenerate naturally.


Message History

McCoppin's ghost is lightly damaged.
McCoppin's ghost hits you but does no damage.
You are electrocuted!
The orc hits you but does no damage.
McCoppin's ghost hits you but does no damage.
You hit McCoppin's ghost but do no damage.
McCoppin's ghost is lightly damaged.
The orc barely misses you.
McCoppin's ghost hits you but does no damage.
You hit McCoppin's ghost but do no damage.
McCoppin's ghost is lightly damaged.
The orc hits you but does no damage.
McCoppin's ghost hits you but does no damage.
You block the orc's attack.
McCoppin's ghost hits you but does no damage.
There are monsters nearby!
You slash McCoppin's ghost!
McCoppin's ghost is moderately damaged.
McCoppin's ghost hits you but does no damage.
You are electrocuted!
You die...

#<.##.# *
##..##.#,#,*
, #......#.#
,, ,,
###.#..#.#
*, , ,
#........#,
######.#.#
#.#.# * * ,
#W#,# , ,#@#
, , * #o# *,
, * #h# *,*,
*, #o#,* ,
,#.. ,* ...
*,*,..# ,
,.(. , , , ,
*


You could see an orc priest, McCoppin's ghost, an orc and a jackal.

Vanquished Creatures
  5 adders
  A giant gecko (D:3)
  3 orcs
  A ball python (D:2)
  2 giant cockroaches
  3 hobgoblins
  3 jackals
  2 kobolds
  3 bats
  A giant newt (D:1)
  4 goblins
  2 rats (D:1)
30 creatures vanquished.

Notes
Turn   | Place    | Note
--------------------------------------------------------------
     0 | D:1      | duckspeaker the Deep Dwarf Fighter began the quest for the Orb.
     0 | D:1      | Reached XP level 1. HP: 20/20 MP: 1/1
   248 | D:2      | Reached XP level 2. HP: 27/27 MP: 2/2
   290 | D:2      | Reached skill level 4 in Shields
   290 | D:2      | Reached XP level 3. HP: 29/34 MP: 3/3
   417 | D:3      | Reached skill level 1 in Dodging
   510 | D:3      | Upgraded the game from 0.17-b1-36-g7b1967c to 0.17.0-1-g61d176b
   834 | D:4      | Reached XP level 4. HP: 34/42 MP: 4/4
   945 | D:4      | Got a warped chain mail
   960 | D:4      | Identified the +7 chain mail of the Albatross {rF++ rCorr Dex-2 Stlth+} (You found it on level 4 of the Dungeon)
   973 | D:5      | Entered Level 5 of the Dungeon
  1193 | D:5      | Noticed McCoppin's ghost (novice FoHu)
  1201 | D:5      | Slain by McCoppin's ghost

Action                   |  1- 3 |  4- 6 || total
-------------------------+-------+-------++-------
Melee: Long sword        |   137 |     9 ||   146
Throw: Stone             |    38 |     5 ||    43
       Tomahawk          |     2 |     2 ||     4
Evoke: Wand              |     1 |       ||     1
  Eat: Chunk             |       |     1 ||     1
